 Dungeon Crawl Stone Soup version 0.20-a0-785-g17250f0 (webtiles) character file.

157 Gorice the Slasher (level 5, -1/42 HPs)
             Began as a Barachian Monk on Feb 27, 2017.
             Killed from afar by an orc wizard (11 damage)
             ... with a magic dart
             ... on level 2 of the Dungeon.
             The game lasted 00:11:43 (3540 turns).

Gorice the Slasher (Barachian Monk)                 Turns: 3540, Time: 00:11:44

Health: -1/42      AC:  6    Str: 13    XL:     5   Next: 38%
Magic:  5/5        EV: 11    Int: 11    God:
Gold:   186        SH:  0    Dex: 10    Spells: 4/4 levels left

rFire    . . .     SeeInvis .   a - +1 falchion
rCold    . . .     Gourm    .   s - +0 ring mail
rNeg     . . .     Faith    .   (no shield)
rPois    .         Spirit   .   (no helmet)
rElec    .         Reflect  .   g - +0 cloak
rCorr    .         Harm     .   (no gloves)
MR       .....                  (no boots)
Stlth    +.........             (no amulet)
Regen    0.2/turn               m - -4 ring of dexterity (curse)
MPRegen  0.1/turn               e - +3 ring of slaying

@: can't hop, slow
A: +LOS, swims, slowness 1, strong legs 1
a: Hop


You were on level 2 of the Dungeon.
You were not hungry.

You visited 1 branch of the dungeon, and saw 3 of its levels.

You collected 186 gold pieces.

Inventory:

Hand Weapons
 a - a +1 falchion (weapon)
 b - a +0 hunting sling
Missiles
 j - 56 sling bullets
 Z - 281 stones (quivered)
Armour
 g - a +0 cloak (worn)
 q - a +0 robe
 s - a +0 ring mail (worn)
Jewellery
 e - a +3 ring of slaying (left hand)
 m - a cursed -4 ring of dexterity (right hand)
Scrolls
 r - a scroll of amnesia
Potions
 d - 3 potions of heal wounds {!q}
 h - a potion of flight {unknown}
 i - 2 potions of curing {unknown}
 l - a potion of brilliance {unknown}
 n - a potion of haste {unknown}
 t - a potion of resistance {unknown}
Comestibles
 c - a bread ration {!e}
 f - a royal jelly
 k - 5 chunks of flesh
 o - 2 meat rations {!e}


   Skills:
 - Level 4.1 Fighting
 * Level 5.9 Long Blades
 - Level 4.0 Dodging
 - Level 2.5 Stealth


You had 4 spell levels left.
You didn't know any spells.

Dungeon Overview and Level Annotations

Branches:
Dungeon (3/15)

Altars:
Ashenzari
Gozag
Trog
Zin


Innate Abilities, Weirdness & Mutations

Shadows flee at your approach. (+LOS)
You can swim through water.
You cover ground slowly.
You can hop short distances.


Message History

The orc closely misses you.
You miss the orc wizard.
The orc wizard is lightly wounded.
The orc wizard barely misses you. The orc hits you but does no damage.
You miss the orc wizard.
The orc wizard is lightly wounded.
The orc wizard hits you but does no damage.
The orc barely misses you.
You hit the orc wizard but do no damage.
The orc wizard is lightly wounded.
The orc wizard hits you but does no damage.
The orc barely misses you.
You bump into the rock wall.
You feel less confused.
The orc wizard hits you but does no damage.
The orc hits you.
Damage: 3 (max 3)
You hit the orc wizard.
The orc wizard is moderately wounded.
The orc wizard hits you with a dagger.
* * * LOW HITPOINT WARNING * * *
The orc closely misses you.
You riposte.
You slash the orc!
You kill the orc!
Damage: 3 (max 3)
You hit the orc wizard.
The orc wizard is moderately wounded.
The orc wizard hits you with a dagger.
* * * LOW HITPOINT WARNING * * *
Damage: 1 (max 3)
You closely miss the orc wizard.
The orc wizard is moderately wounded.
The orc wizard gestures at you while chanting.
You resist with some effort.
Unknown command.
You slash the orc wizard!
The orc wizard is almost dead.
The orc wizard hits you with a dagger.
* * * LOW HITPOINT WARNING * * *
You hit the orc wizard but do no damage.
The orc wizard is almost dead.
The orc wizard casts a spell at you. The puff of flame hits you!
* * * LOW HITPOINT WARNING * * *
Damage: 8 (max 8) Unknown command.
You closely miss the orc wizard.
The orc wizard is almost dead.
The orc wizard casts a spell at you. The magic dart hits you!
You die...

...............##
#.............##
##...........##
###^........#######
..##.......##.....#
#..###'''####.###.#
##........###.# #.#
............#.###.#
.....######.#..o@.#
####.# #.#.#####
#.# #.#.# #.# #.#.#
#.# #.#.##### #.#
#.#.#...# #.#
###.#.....#### #.#
#............# #.#
#.....##.###.#


You could see an orc wizard.

Vanquished Creatures
  3 adders
  A gnoll (D:3)
  A worm (D:2)
  3 dart slugs
  A leopard gecko (D:1)
  3 orcs
  12 bats
  A giant cockroach (D:1)
  17 goblins (D:3)
  21 hobgoblins
  8 jackals (D:2)
  9 kobolds
  3 quokkas (D:3)
  3 frilled lizards
  6 rats
92 creatures vanquished.

Notes
Turn   | Place    | Note
-------+----------+-------------------------------------------
     0 | D:1      | Gorice the Barachian Monk began the quest for the Orb.
     0 | D:1      | Reached XP level 1. HP: 18/18 MP: 1/1
   154 | D:1      | Reached skill level 2 in Stealth
   227 | D:1      | Reached XP level 2. HP: 21/25 MP: 2/2
   830 | D:2      | Reached XP level 3. HP: 20/30 MP: 3/3
   953 | D:2      | Reached skill level 4 in Fighting
  1213 | D:2      | Reached skill level 4 in Long Blades
  1269 | D:2      | Reached skill level 4 in Dodging
  1388 | D:2      | Reached XP level 4. HP: 28/37 MP: 4/4
  1745 | D:2      | Found an opulent altar of Gozag.
  2223 | D:3      | Found a faded altar of an unknown god.
  2639 | D:3      | Reached skill level 5 in Long Blades
  2796 | D:3      | Reached XP level 5. HP: 42/42 MP: 5/5
  2880 | D:3      | HP: 11/42 [goblin/club (4)]
  3173 | D:3      | Found a bloodstained altar of Trog.
  3174 | D:3      | Found a shattered altar of Ashenzari.
  3177 | D:3      | Found a glowing silver altar of Zin.
  3539 | D:2      | HP: 10/42 [orc wizard/puff of flame (8)]
  3540 | D:2      | Killed from afar by an orc wizard

Vault maps used:
D:1:      lightli_arrival_flooded_house
D:2:      nicolae_gozag_seed_capital, grunt_ministairs_4,
          kennysheep_cluttered_room
D:3:      minmay_goblin_kobold_castle, minitemple,
          chequers_ecumenical_altar_simple, patterned_corridor

Skill      XL: |  1  2  3  4 |
---------------+-------------+-----
Stealth        | 2 |  2.5
Fighting       | 4 |  4.1
Long Blades    | 4 5 |  5.9
Dodging        | 4 |  4.0

Action                   |  1- 3 |  4- 6 || total
-------------------------+-------+-------++-------
Melee: Falchion          |    78 |    91 ||   169
 Fire: Hunting sling     |       |    47 ||    47
Throw: Stone             |       |     2 ||     2
 Abil: Hop               |       |     1 ||     1
  Use: Scroll            |     5 |     4 ||     9
 Stab: Sleeping          |     5 |     5 ||    10
       Distracted        |       |     1 ||     1
  Eat: Chunk             |     2 |     8 ||    10
Armor: Robe              |    23 |    11 ||    34
       Ring mail         |       |    43 ||    43
Dodge: Dodged            |    76 |    96 ||   172
       Rpst.: Falchion   |    31 |    20 ||    51

Table legend:
 A = Turns spent in this place as a percentage of turns spent in the entire game.
 B = Non-inter-level travel turns spent in this place as a percentage of non-inter-level travel turns spent in the entire game.
 C = Inter-level travel turns spent in this place as a percentage of turns spent in this place.
 D = Turns resting spent in this place as a percentage of non-inter-level travel turns spent in this place.
 E = Turns spent auto-exploring this place as a percentage of non-inter-level travel turns spent in this place.
 F = Non-inter-level travel turns spent in this place divided by the number of levels of this place that you've seen.
                   A       B       C       D       E      F
               +-------+-------+-------+-------+-------+----------------------
         Total | 100.0 | 100.0 |   0.4 |   2.1 |   4.2 | 447.7
       Dungeon | 100.0 | 100.0 |   0.4 |   2.1 |   4.2 | 447.7
               +-------+-------+-------+-------+-------+----------------------

Vault maps used:
D:1:      lightli_arrival_flooded_house
D:2:      nicolae_gozag_seed_capital, grunt_ministairs_4,
          kennysheep_cluttered_room
D:3:      minmay_goblin_kobold_castle, minitemple,
          chequers_ecumenical_altar_simple, patterned_corridor
